 Dungeon Crawl Stone Soup version 0.23-a0-577-g2b1de94 (webtiles) character file.

22197 burningmoth the Fighter (level 13, 0/91 HPs)
             Began as a Kobold Berserker on Dec 14, 2018.
             Was an Elder of Trog.
             Shot with an arrow by Nessos (3 damage)
             ... on level 5 of the Lair of Beasts.
             The game lasted 00:45:25 (18542 turns).

burningmoth the Fighter (Kobold Berserker)         Turns: 18542, Time: 00:45:26

Health: 0/91       AC: 15    Str: 19    XL:     13   Next: 25%
Magic:  13/13      EV: 25    Int:  8    God:    Trog [****..]
Gold:   1066       SH:  4    Dex: 19    Spells: 12/12 levels left

rFire    + . .     SeeInvis .   B - +1 dagger (elec)
rCold    . . .     Gourm    .   (shield restricted)
rNeg     . . .     Faith    .   F - +5 ring mail of Daffodils {Dex+4}
rPois    .         Spirit   .   (no helmet)
rElec    .         Reflect  +   z - +1 cloak
rCorr    .         Harm     .   x - +0 pair of gloves
MR       .....                  P - -1 pair of boots (curse)
Stlth    ++........             g - +4 amulet of reflection
HPRegen  0.25/turn              Q - ring of protection from fire
MPRegen  0.13/turn              M - ring of stealth

@: lethally poisoned (0 -> -5), berserk cooldown, slowed, very slow
A: small, carnivore
a: Berserk, Trog's Hand, Brothers in Arms, Renounce Religion


You were on level 5 of the Lair of Beasts.
You worshipped Trog.
Trog was greatly pleased with you.
You were completely stuffed.

You visited 3 branches of the dungeon, and saw 16 of its levels.
You also visited: Ice Cave.

You collected 1066 gold pieces.

Inventory:

Hand Weapons
 a - a +1 short sword
 B - a +1 dagger of electrocution (weapon)
Missiles
 d - 2 poisoned tomahawks
 f - 325 stones (quivered)
 l - 14 tomahawks
 W - a throwing net
Armour
 x - a +0 pair of gloves (worn)
 z - a +1 cloak (worn)
 F - the +5 ring mail of Daffodils (worn) {Dex+4}
   (You found it on level 5 of the Dungeon)

   It affects your dexterity (+4).
 I - a +0 scale mail of cold resistance
 P - a cursed -1 pair of boots (worn)
Jewellery
 g - a +4 amulet of reflection (around neck)
 M - a ring of stealth (right hand)
 Q - a ring of protection from fire (left hand)
 U - an uncursed ring of poison resistance {unknown}
Wands
 s - a wand of flame (24)
 t - a wand of iceblast (11)
 w - a wand of clouds (8)
 G - a wand of acid (10)
 J - a wand of enslavement (6)
 K - a wand of random effects (36)
 L - a wand of scattershot (2)
 O - a wand of paralysis (20)
Scrolls
 b - a scroll of magic mapping
 e - 3 scrolls of teleportation
 m - a scroll of holy word {unknown}
 n - 2 scrolls of random uselessness {unknown}
 o - 4 scrolls of enchant weapon
 p - 6 scrolls of remove curse
 q - 4 scrolls of enchant armour
 v - 2 scrolls of blinking {unknown}
 y - 4 scrolls of amnesia {unknown}
 C - 4 scrolls of fear {unknown}
 H - 2 scrolls of fog {unknown}
 S - 3 scrolls of immolation {unknown}
Potions
 i - 3 potions of magic
 k - 3 potions of haste
 r - 2 potions of berserk rage
 u - a potion of brilliance
 D - 2 potions of might
 E - a potion of ambrosia
 N - 2 potions of flight
 R - a potion of resistance
 V - a potion of agility {unknown}
Miscellaneous
 T - 2 boxes of beasts
Comestibles
 c - 33 rations
 j - 3 chunks of flesh


   Skills:
 + Level 14.6 Fighting
 - Level 12.3 Short Blades
 + Level 6.7 Armour
 - Level 13.2 Dodging


You had 12 spell levels left.
You didn't know any spells.
Your spell library was empty.

Dungeon Overview and Level Annotations

Branches:
Dungeon (10/15)            Temple (1/1) D:7            Lair (5/6) D:10
  Swamp (0/4) Lair:3       Spider (0/4) Lair:3          Orc (0/2) D:10
  Slime: Lair:5-6

Altars:
Ashenzari
Cheibriados
Dithmenos
Elyvilon
Fedhas
Gozag
Hepliaklqana
Kikubaaqudgha
Makhleb
Nemelex Xobeh
Okawaru
Qazlal
Ru
Sif Muna
Trog
Uskayaw
Vehumet
Wu Jian
Xom
Yredelemnul
Zin
The Shining One

Annotations:
D:7 exclusion: downstairs
D:9 exclusion: downstairs
Lair:5 Nessos


Innate Abilities, Weirdness & Mutations

You are small and have problems with some larger weapons.
You are carnivorous and can eat meat at any time.


Message History

Press: ? - help, Dir - move target cursor You create a blast of flame!
Nessos is engulfed in blazing flames. x2
Nessos shoots an arrow.
The arrow misses you.
The arrow barely misses the komodo dragon.
The komodo dragon bites you.
* * * LOW HITPOINT WARNING * * *
Nessos is engulfed in blazing flames.
Nessos blinks!
The komodo dragon misses you.
Evoke which item? (* to show all) (? for menu, Esc to quit)
Aiming: Cloud Cone
Press: ? - help, Dir - move target cursor You create a blast of freezing vapour!
Nessos is engulfed in freezing vapours.
Nessos shoots an arrow.
The arrow closely misses you.
Nessos is engulfed in freezing vapours.
Nessos zaps a wand.
The bolt of acid misses you.
Nessos is engulfed in freezing vapours.
Nessos shoots an arrow.
The arrow hits you!!
* * * LOW HITPOINT WARNING * * *
The arrow burns you.
You are lethally poisoned!
You die...

######. ###### ### #..##..
#####P...#######P### ##.....
#.........##.##.>.P# ##....
#...........####§§§#### #.....
#...........####§§###.## #.....
##...........##§c§÷.§.P######....
#P.........##.((§.§§§...#.####.[.
#...........###l@§§§§.....†PP#...
##.........## #..#§§§.......P....
#.........# ##.#####.......P...
#.......l## ..# ####........
##..)....# P..# #...#.....
#......### ##.(# #####.....
#......# ..## ####.. ##.[...# ..
.. #P...... ##


You could see Nessos and a komodo dragon.

Vanquished Creatures
  Josephine (Lair:5)
  2 hydras
  Sonja (Lair:3)
  Pikel (D:7)
  4 black mambas
  2 spiny frogs
  6 komodo dragons
  A troll (D:10)
  2 jumping spiders (Lair:3)
  5 polar bears
  A merfolk (D:9)
  Grinder (D:4)
  A blink frog (Lair:1)
  A bog body (Lair:3)
  Sigmund (D:6)
  7 hippogriffs
  A meliai zombie (D:10)
  5 redbacks (Lair:3)
  2 wraiths (Lair:5)
  16 yaks
  2 wyverns
  A basilisk (Lair:3)
  2 hungry ghosts
  A vampire mosquito (D:10)
  10 water moccasins
  7 porcupines
  4 slaves (D:7)
  5 sky beasts
  2 ogres (D:7)
  An orc warrior (D:4)
  A phantom (D:9)
  4 centaurs
  6 wolves
  10 crocodiles
  14 bullfrogs
  2 scorpions
  8 killer bees
  8 electric eels
  4 crimson imps
  5 jellies
  3 bullfrog zombies
  6 hounds
  A quasit (D:8)
  A centaur zombie (D:9)
  4 orc priests
  Crazy Yiuf (D:5)
  5 orc wizards
  2 centaur skeletons
  2 bullfrog skeletons
  4 iguanas (D:9)
  7 worker ants
  4 gnolls (D:4)
  A howler monkey skeleton (D:7)
  7 adders
  4 shadow imps
  4 white imps (IceCv)
  7 ufetubi (IceCv)
  2 oozes
  An adder zombie (D:7)
  An adder skeleton (D:8)
  6 worms
  A dart slug (D:1)
  6 leopard geckos
  31 orcs
  8 giant cockroaches
  3 goblins
  4 hobgoblins
  9 jackals
  7 quokkas
  4 bats
  6 frilled lizards
  A jackal skeleton (D:7)
  7 kobolds
  A leopard gecko skeleton (D:5)
  A quokka zombie (D:5)
  8 rats
328 creatures vanquished.

Vanquished Creatures (collateral kills)
  A jumping spider (Lair:3)
  A redback (Lair:3)
  2 wraiths (Lair:5)
  A wolf (Lair:3)
5 creatures vanquished.

Vanquished Creatures (others)
  A reaper (IceCv)
  A centaur (D:6)
  An ogre (D:6)
  A hound (D:6)
  3 white imps (IceCv)
  2 ufetubi (IceCv)
  An orc (D:3)
  A plant (D:10)
11 creatures vanquished.

Grand Total: 344 creatures vanquished

Notes
Turn   | Place    | Note
-------+----------+-------------------------------------------
     0 | D:1      | burningmoth the Kobold Berserker began the quest for the
                  | Orb.
     0 | D:1      | Reached XP level 1. HP: 14/14 MP: 1/1
   332 | D:1      | Reached XP level 2. HP: 16/19 MP: 2/2
   481 | D:1      | Reached skill level 5 in Short Blades
  1023 | D:1      | Reached XP level 3. HP: 17/23 MP: 3/3
  2046 | D:2      | Reached XP level 4. HP: 28/28 MP: 4/4
  2143 | D:2      | Found a sacrificial altar of Ru.
  2225 | D:2      | Found a blossoming altar of Fedhas.
  2308 | D:2      | Reached ** piety under Trog
  2412 | D:3      | Reached XP level 5. HP: 15/32 MP: 5/5
  3129 | D:4      | Found an opulent altar of Gozag.
  3263 | D:4      | Found a radiant altar of Vehumet.
  3303 | D:4      | Found a basalt altar of Yredelemnul.
  3304 | D:4      | Found a bloodstained altar of Trog.
  3307 | D:4      | Found a shadowy altar of Dithmenos.
  3364 | D:4      | Reached XP level 6. HP: 37/37 MP: 6/6
  3443 | D:4      | Noticed Grinder
  3456 | D:4      | Killed Grinder
  3456 | D:4      | Reached XP level 7. HP: 41/41 MP: 7/7
  3674 | D:4      | Reached skill level 10 in Short Blades
  3997 | D:5      | Entered Level 5 of the Dungeon
  4311 | D:5      | Reached XP level 8. HP: 46/46 MP: 8/8
  4325 | D:5      | Got a bronze scale mail
  4343 | D:5      | Identified the +1 scale mail "Wimousuj" {*Slow +Fly MR+}
                  | (You found it on level 5 of the Dungeon)
  4442 | D:5      | Got a distressingly furry ring mail
  4453 | D:5      | Identified the +5 ring mail of Daffodils {Dex+4} (You found
                  | it on level 5 of the Dungeon)
  5010 | D:5      | Found a runed door.
  5211 | D:5      | Noticed Crazy Yiuf
  5217 | D:5      | Killed Crazy Yiuf
  5497 | D:6      | You fall through a shaft for 2 floors!
  5523 | D:8      | Reached *** piety under Trog
  5780 | D:6      | Reached skill level 4 in Fighting
  5963 | D:6      | Found a shimmering altar of Xom.
  5992 | D:6      | Noticed Sigmund
  6003 | D:6      | Killed Sigmund
  6477 | D:7      | Reached skill level 5 in Fighting
  6477 | D:7      | Reached XP level 9. HP: 51/54 MP: 9/9
  6619 | D:7      | Reached skill level 5 in Dodging
  6787 | D:7      | Noticed Pikel
  6820 | D:7      | Killed Pikel
  6820 | D:7      | Reached skill level 6 in Fighting
  7346 | D:7      | Found a staircase to the Ecumenical Temple.
  7355 | Temple   | Entered the Ecumenical Temple
  7454 | D:7      | Reached skill level 7 in Fighting
  8435 | D:8      | Found an ancient bone altar of Kikubaaqudgha.
  8585 | D:9      | Found a shadowy altar of Dithmenos.
  8615 | D:9      | Reached skill level 8 in Fighting
  8615 | D:9      | Reached XP level 10. HP: 51/64 MP: 10/10
  8733 | D:9      | Reached **** piety under Trog
  8932 | D:9      | Found a glowing silver altar of Zin.
  9031 | D:9      | Reached skill level 9 in Fighting
  9114 | D:9      | Reached skill level 10 in Dodging
  9441 | D:9      | Found a snail-covered altar of Cheibriados.
  9841 | D:10     | Entered Level 10 of the Dungeon
 10039 | D:9      | Reached skill level 10 in Fighting
 10066 | D:10     | Found a staircase to the Orcish Mines.
 10428 | D:10     | Reached XP level 11. HP: 43/73 MP: 11/11
 11140 | D:10     | Noticed a death knight
 11300 | D:10     | Found a staircase to the Lair.
 11571 | Lair:1   | Entered Level 1 of the Lair of Beasts
 11612 | Lair:1   | Reached skill level 11 in Fighting
 12370 | Lair:1   | Noticed a seven-headed hydra
 12393 | Lair:1   | Killed a seven-headed hydra
 12660 | Lair:1   | Reached skill level 12 in Fighting
 13557 | Lair:2   | Found a frozen archway.
 13611 | Lair:2   | Reached XP level 12. HP: 66/82 MP: 12/12
 13615 | IceCv    | Entered an ice cave
 13722 | IceCv    | Reached ***** piety under Trog
 13735 | IceCv    | Killed a reaper
 14769 | Lair:2   | HP: 1/82 [komodo dragon (24)]
 15683 | Lair:3   | Found a hole to the Spider Nest.
 15710 | Lair:3   | Reached skill level 13 in Fighting
 16121 | Lair:3   | Found a staircase to the Swamp.
 16205 | Lair:3   | Noticed Sonja
 16248 | Lair:3   | Killed Sonja
 16720 | Lair:3   | Reached skill level 5 in Armour
 17284 | Lair:4   | Noticed a six-headed hydra
 17293 | Lair:4   | Killed a six-headed hydra
 17415 | Lair:4   | Reached skill level 14 in Fighting
 17519 | Lair:4   | Got a faintly humming chain mail
 17530 | Lair:4   | Identified the +2 chain mail of Plog {Str+6 Stlth-} (You
                  | found it on level 4 of the Lair of Beasts)
 17551 | Lair:4   | You fall through a shaft!
 17581 | Lair:5   | Reached XP level 13. HP: 90/90 MP: 13/13
 18492 | Lair:5   | Noticed Josephine
 18509 | Lair:5   | Killed Josephine
 18533 | Lair:5   | Noticed Nessos
 18542 | Lair:5   | HP: 3/91 [Nessos/arrow (18)]
 18542 | Lair:5   | Shot with an arrow by Nessos

Vault maps used:
D:1:      dpeg_arrival_ternary
D:2:      old_standard_altar, lemuel_doored_altar
D:4:      vehumet_altar_wand_db, overflow_temple_1_default, minitemple,
          uniq_grinder
D:5:      first_ration, uniq_crazy_yiuf_cottage
D:6:      xom_confusion_cloud, uniq_sigmund
D:7:      minmay_temple_entry_trees, uniq_pikel
D:8:      basic_altar
D:9:      slow_altar_1, overflow_temple_1_default, hangedman_fish_farm,
          nicolae_dithmenos_the_darkroom
D:10:     erik_lair_island, serial_bayou, serial_bayou_shore_b,
          serial_bayou_shore_a, serial_bayou_lake_a, serial_bayou_pond_e,
          minivault_28
Temple:   nicolae_temple_hex_pool
Lair:1:   serial_bayou, serial_bayou_ford_a, serial_bayou_shore_b,
          serial_bayou_crossing, serial_bayou_pond_d, nzn_random_ring,
          lemuel_fruit_tree, grunt_megastairs_2
Lair:2:   portal_ice_cave_entry_pillars_1
Lair:3:   skrybe_swamp_entry_bodies, nicolae_spider_entry_tight_spaces,
          beast_lair_carwin_10, uniq_sonja
Lair:5:   lemuel_fruit_fields, uniq_josephine, uniq_nessos
IceCv:    ice_cave_small_demon

Skill      XL: |  1  2  3  4  5  6  7  8  9 10 11 12 13 |
---------------+----------------------------------------+-----
Short Blades   | 5 6 7 8 9 11 12 | 12.3
Dodging        | 4 8 10 13 | 13.2
Fighting       | 5 8 10 12 14 | 14.6
Armour         | 5 6 |  6.7

Action                   |  1- 3 |  4- 6 |  7- 9 | 10-12 | 13-15 || total
-------------------------+-------+-------+-------+-------+-------++-------
Melee: Short sword       |   148 |   136 |    18 |       |       ||   302
       Dagger            |       |       |   450 |  1042 |   125 ||  1617
Throw: Stone             |     7 |     9 |       |       |       ||    16
Invok: Berserk           |     3 |     4 |     5 |    13 |     1 ||    26
       Trog's Hand       |       |     2 |     2 |     5 |     1 ||    10
       Brothers in Arms  |       |       |       |     6 |     1 ||     7
Evoke: Wand              |       |     2 |     1 |     5 |     2 ||    10
  Use: Scroll            |       |     1 |       |    15 |     3 ||    19
       Potion            |       |       |       |     5 |     2 ||     7
 Stab: Sleeping          |       |       |       |     4 |       ||     4
       Distracted        |       |       |       |       |     1 ||     1
  Eat: Chunk             |    14 |     8 |    22 |    54 |     5 ||   103
Armor: Ring mail         |    34 |    13 |    65 |   140 |    17 ||   269
       Scale mail        |       |    13 |    16 |    20 |       ||    49
Dodge: Dodged            |    87 |    66 |   142 |   755 |   102 ||  1152
Block: Other             |       |    13 |    32 |   149 |     7 ||   201
       Reflection        |       |     1 |       |     5 |       ||     6

Table legend:
 A = Non-vault XP
 B = Vault XP
 C = Vault XP percentage of total XP
 D = Non-vault monster count
 E = Vault monster count
 F = Vault count percentage of total count
                 A         B        C        D         E       F
            +---------+---------+-------+---------+---------+-------
      Total |   20942 |   10769 |  34.0 |     269 |      61 |  18.5
            +---------+---------+-------+---------+---------+-------
        D:1 |      42 |       0 |   0.0 |      18 |       0 |   0.0
        D:2 |      49 |       0 |   0.0 |      22 |       0 |   0.0
        D:3 |      79 |       0 |   0.0 |      18 |       0 |   0.0
        D:4 |     461 |     269 |  36.8 |      19 |       2 |   9.5
        D:5 |     317 |      40 |  11.2 |      17 |       1 |   5.6
        D:6 |     108 |     244 |  69.3 |       9 |       2 |  18.2
        D:7 |    1227 |     663 |  35.1 |      26 |       1 |   3.7
        D:8 |     276 |       0 |   0.0 |      11 |       0 |   0.0
        D:9 |    2834 |     449 |  13.7 |      35 |       4 |  10.3
       D:10 |    1376 |     614 |  30.9 |      25 |       5 |  16.7
     Lair:1 |    3377 |    2831 |  45.6 |      15 |      15 |  50.0
     Lair:2 |    3074 |       0 |   0.0 |      16 |       0 |   0.0
     Lair:3 |    1787 |    4103 |  69.7 |      13 |      15 |  53.6
     Lair:4 |    2116 |       0 |   0.0 |       9 |       0 |   0.0
     Lair:5 |    3819 |    1479 |  27.9 |      16 |       5 |  23.8
      IceCv |       0 |      77 | 100.0 |       0 |      11 | 100.0
            +---------+---------+-------+---------+---------+-------
